 Dungeon Crawl Stone Soup version 0.19.3 (webtiles) character file.

1897 ponk the Spear-Bearer (level 8, -1/87 HPs)
             Began as a Demonspawn Abyssal Knight on Jan 22, 2017.
             Was an Elder of Lugonu.
             Slain by Menkaure (7 damage)
             ... on level 6 of the Dungeon.
             The game lasted 00:17:17 (6003 turns).

ponk the Spear-Bearer (Demonspawn Abyssal Knight)   Turns: 6003, Time: 00:17:18

Health: -1/87      AC: 24    Str: 13    XL:     8   Next: 93%
Magic:  9/9        EV:  2    Int: 14    God:    Lugonu [****..]
Gold:   281        SH:  0    Dex: 14    Spells: 0 memorised, 7 levels left

rFire  . . .     SeeInvis .     v - +0 bardiche
rCold  . . .     Gourm    .     (armour currently unavailable)
rNeg   + + +     Faith    +     (shield currently unavailable)
rPois  +         Spirit   .     (helmet currently unavailable)
rElec  .         Reflect  .     (cloak currently unavailable)
rCorr  .         Harm     .     (gloves currently unavailable)
MR     .....     NoTele   +     (boots currently unavailable)
Stlth  ++........               y - amulet of faith
                                C - +4 ring of slaying
                                m - +4 ring of slaying

@: tree-form
A: (antennae 0), nightstalker 1, (spiny 0), (sturdy frame 0)
a: Depart the Abyss, Bend Space, Banish, Corrupt, Renounce Religion


You were on level 6 of the Dungeon.
You worshipped Lugonu.
Lugonu was greatly pleased with you.
You were hungry.
You were a tree.
You visited 1 branch of the dungeon, and saw 6 of its levels.
You visited the Abyss 1 time.

You collected 281 gold pieces.

Inventory:

Hand Weapons
 a - a +0 spear
 v - a +0 bardiche (weapon)
Missiles
 f - 40 poisoned needles
Armour
 k - a cursed +0 plate armour (melded)
 B - a +0 chain mail
Jewellery
 m - a +4 ring of slaying (left branch)
 s - an uncursed ring of poison resistance
 y - an amulet of faith (around neck)
 C - a +4 ring of slaying (right branch)
Wands
 l - a wand of slowing (38/48)
 o - a wand of random effects (25/48)
Scrolls
 c - a scroll of blinking
 d - 2 scrolls of identify
 h - a scroll of recharging
 j - 3 scrolls of teleportation
 n - a scroll of noise
 r - a scroll of enchant weapon {unknown}
 u - a scroll of amnesia {unknown}
 x - 2 scrolls of enchant armour {unknown}
 z - a scroll of fear {unknown}
Potions
 e - a potion of curing
 g - 3 potions of flight
Books
 w - a book of Misfortune

   Spells                             Type                      Level
   a - Confusing Touch                Hexes                        1
   b - Confuse                        Hexes                        3
   c - Gell's Gravitas                Hexes/Translocation          3
   d - Petrify                        Transmutation/Earth          4
   e - Metabolic Englaciation         Hexes/Ice                    5
   f - Yara's Violent Unravelling     Hexes/Transmutation          5
Comestibles
 b - 2 bread rations
 i - 2 royal jellies
 q - 2 fruits
 t - a meat ration
 A - 13 chunks of flesh


   Skills:
 - Level 3.0 Fighting
 * Level 10.5 Polearms
 - Level 1.7 Armour
 - Level 0.8 Dodging
 - Level 1.7 Unarmed Combat
 - Level 2.4 Invocations


You had 7 spell levels left.
You didn't know any spells.

Dungeon Overview and Level Annotations

Branches:
Dungeon (6/15)
 Temple: D:4-7

Altars:
Cheibriados

Shops:
D:5 [

Annotations:
D:6 Menkaure


Innate Abilities, Weirdness & Mutations

((You have a pair of small antennae on your head.))
You are slightly more attuned to the shadows.
((You are mostly covered in sharp spines.))
((Your movements are slightly less encumbered by armour. (ER -2)))


Message History

Aim: Menkaure (fast)
You completely miss Menkaure.
Menkaure hits you but does no damage. x2
The gnoll hits you but does no damage.
Attack whom?
Press: ? - help, Dir - move target cursor, f/p - Menkaure
Aim: Menkaure (fast)
You slash Menkaure!
Menkaure is severely damaged.
You are feeling hungry.
Menkaure completely misses you. The gnoll hits you but does no damage.
Menkaure draws the symbol "Udjat" in the dust.
Menkaure hits you!
* * * LOW HITPOINT WARNING * * *
Attack whom?
Press: ? - help, Dir - move target cursor, f/p - Menkaure
Aim: Menkaure (severely damaged, fast)
You completely miss Menkaure.
Menkaure is severely damaged.
The gnoll hits you but does no damage. Menkaure hits you!
You die...

...# ...#
...#.# #.#
.#.#.# #.#
##.#.# #.#
...#.# #.#
##.#.# #.#
.#>#.## #.#
.....># #♣#
.#.#..# #M#
##....# #g#
......# #.#
##....# #.#
.#.#..# #.#
.#.#..#
#######.####
##.#..#
#.....g....#
......##
#..........#


You could see Menkaure and a gnoll.

Vanquished Creatures
  Grinder (D:6)
  A wyvern (D:4)
  An orc warrior (D:6)
  An ice beast (D:5)
  A phantom (D:5)
  2 ogres
  A sky beast (D:5)
  2 centaurs (D:5)
  A bullfrog (D:6)
  A hound (D:4)
  A bullfrog zombie (D:5)
  2 crimson imps (D:5)
  An orc priest (D:6)
  A jelly (D:5)
  6 orc wizards
  Natasha (thrice) (D:2)
  An iguana (D:5)
  Terence (D:3)
  Ijyb (D:2)
  2 worker ants (D:4)
  14 adders
  3 gnolls (D:6)
  An adder skeleton (D:6)
  2 worms (D:2)
  4 dart slugs
  4 leopard geckos
  11 orcs
  4 giant cockroaches
  9 goblins
  7 hobgoblins
  5 jackals
  9 kobolds
  2 quokkas
  A ball python (D:5)
  7 bats
  5 frilled lizards
  2 jackal skeletons (D:4)
  6 rats
127 creatures vanquished.

Notes
Turn   | Place    | Note
-------+----------+-------------------------------------------
     0 | Abyss:1  | ponk the Demonspawn Abyssal Knight began the quest for the Orb.
     0 | Abyss:1  | Reached XP level 1. HP: 18/18 MP: 2/2
   143 | Abyss:1  | Noticed a small abomination
   155 | Abyss:1  | Noticed a smoke demon
   156 | D:1      | Escaped the Abyss
   319 | D:1      | Reached * piety under Lugonu
   343 | D:1      | Reached skill level 1 in Polearms
   499 | D:1      | Gained mutation: Your movements are slightly less encumbered by armour. (ER -2) [demonic ancestry]
   499 | D:1      | Reached XP level 2. HP: 24/24 MP: 3/3
  1283 | D:2      | Reached skill level 2 in Polearms
  1363 | D:2      | Noticed Ijyb
  1400 | D:2      | Killed Ijyb
  1400 | D:2      | Gained mutation: You are partially covered in sharp spines. [demonic ancestry]
  1400 | D:2      | Reached XP level 3. HP: 10/29 MP: 4/4
  1709 | D:2      | Reached skill level 3 in Polearms
  1899 | D:2      | Gained mutation: You have a pair of small antennae on your head. [demonic ancestry]
  1899 | D:2      | Reached XP level 4. HP: 33/35 MP: 5/5
  1930 | D:2      | Noticed Natasha
  1939 | D:2      | Killed Natasha
  2129 | D:2      | Reached skill level 4 in Polearms
  2523 | D:2      | Noticed Natasha
  2526 | D:2      | Killed Natasha
  2526 | D:2      | Reached XP level 5. HP: 41/41 MP: 6/6
  2537 | D:2      | Noticed Natasha
  2546 | D:2      | Killed Natasha
  2619 | D:2      | Reached ** piety under Lugonu
  2881 | D:3      | Noticed an ogre
  2896 | D:3      | Killed an ogre
  2896 | D:3      | Reached skill level 5 in Polearms
  2896 | D:3      | Reached XP level 6. HP: 20/47 MP: 7/7
  3210 | D:3      | Noticed Terence
  3233 | D:3      | Killed Terence
  3746 | D:4      | Reached skill level 6 in Polearms
  3924 | D:4      | Reached *** piety under Lugonu
  4059 | D:4      | Noticed a wyvern
  4065 | D:4      | Killed a wyvern
  4065 | D:4      | Reached skill level 7 in Polearms
  4065 | D:4      | Gained mutation: You are slightly more attuned to the shadows. [demonic ancestry]
  4065 | D:4      | Reached XP level 7. HP: 8/52 MP: 8/8
  4702 | D:5      | Entered Level 5 of the Dungeon
  4792 | D:5      | Found Samnit's Antique Armour Shop.
  4887 | D:5      | Reached skill level 8 in Polearms
  5180 | D:5      | Gained mutation: You are mostly covered in sharp spines. [demonic ancestry]
  5180 | D:5      | Reached XP level 8. HP: 44/58 MP: 9/9
  5609 | D:5      | Reached skill level 9 in Polearms
  5787 | D:6      | Found a snail-covered altar of Cheibriados.
  5816 | D:6      | Noticed Grinder
  5823 | D:6      | Paralysed by Grinder for 6 turns
  5829 | D:6      | Killed Grinder
  5829 | D:6      | Reached skill level 10 in Polearms
  5944 | D:6      | Reached **** piety under Lugonu
  5983 | D:6      | Noticed Menkaure
  6003 | D:6      | Slain by Menkaure

Skill      XL: |  1  2  3  4  5  6  7  8 |
---------------+-------------------------+-----
Polearms       | 1 2 3 4 5 7 8 10 | 10.5
Fighting       | |  3.0
Armour         | |  1.7
Dodging        | |  0.8
Unarmed Combat | |  1.7
Invocations    | |  2.4

Action                   |  1- 3 |  4- 6 |  7- 9 || total
-------------------------+-------+-------+-------++-------
Melee: Spear             |   144 |   129 |       ||   273
       Bardiche          |       |    32 |   100 ||   132
       Punch             |       |     2 |       ||     2
Invok: Depart the Abyss  |     1 |       |       ||     1
Evoke: Wand              |       |     2 |       ||     2
  Use: Scroll            |     3 |     2 |     5 ||    10
       Potion            |       |     1 |     5 ||     6
 Stab: Confused          |       |     1 |       ||     1
       Sleeping          |       |       |     1 ||     1
  Eat: Chunk             |     3 |     7 |     6 ||    16
Armor: Scale mail        |    52 |    37 |    30 ||   119
       Chain mail        |       |       |    16 ||    16
       Skin              |       |       |     8 ||     8
       Plate armour      |       |       |     2 ||     2
Dodge: Dodged            |    69 |    35 |    39 ||   143
